Capitals vs Sabres

Created - 15 novembre 2018 at 17:35

Goals
1 2 3 OT1 SO T
Capitals 0 1 0 0 1 2
Sabres 1 0 0 0 0 1
Shots
1 2 3 OT1 SO T
Capitals 11 5 12 2 3 30
Sabres 15 6 12 5 3 38

1st period

1. Sabres , Jason Zucker 5 (Josh Bailey 11, Paul Stastny 10) at 12:13

Penalties :
Kyle Criscuolo (BUF) for Fighting (Major) at 7:45, Dmitri Orlov (WSH) for Fighting (Major) at 7:45, Mark Borowiecki (WSH) for Slashing (Minor) at 9:24, Tyler Myers (BUF) for Interference (Minor) at 13:19, Dmitri Orlov (WSH) for Close Hand On Puck (Minor) at 17:30

2nd period

2. Capitals , Taylor Hall 4 (Mike Green 3, Martin Jones) at 8:29 (PP)

Penalties :
Mathieu Perreault (WSH) for Roughing (Minor) at 2:27, Victor Hedman (BUF) for Hooking (Minor) at 8:15

3rd period

No Goal

Penalties :
Derek Dorsett (WSH) for Interference (Minor) at 1:56, Mark Borowiecki (WSH) for High sticking (Minor) at 7:28, Mark Borowiecki (WSH) for Hooking (Minor) at 16:18

Overtime #1

No Goal

Penalties :
No Penalty

Shootout

Penalty Shot by Alexander Ovechkin for Capitals - Stopped by Matt Murray
Penalty Shot by Paul Stastny for Sabres - Stopped by Martin Jones
Penalty Shot by Taylor Hall for Capitals - Stopped by Matt Murray
Penalty Shot by Kyle Turris for Sabres - Stopped by Martin Jones
Penalty Shot by Ryan Kesler for Capitals - Goal!
Penalty Shot by Anders Lee for Sabres - Stopped by Martin Jones

Penalties :
No Penalty

Goalie Stats

Martin Jones (WSH), 37 saves from 38 shots - (0.974), W, 4-2-0, 65:00 minutes
Matt Murray (BUF), 29 saves from 30 shots - (0.967), OTL, 5-5-4, 65:00 minutes

Players Stats for Capitals

Player Name              G  A  P  +/- PIM S  H  SB GA TA FO     MP     PP MP  PK MP  
------------------------------------------------------------------------------------
Alexander Ovechkin       0  0  0  -1  0   3  3  0  0  0  8/19   28:57   1:04   8:05 
Brandon Davidson         0  0  0  -1  0   0  2  0  0  0  0/0    20:48   0:00   5:53 
Calvin de Haan           0  0  0   0  0   1  1  2  0  0  0/0    17:16   0:51   1:58 
Chandler Stephenson      0  0  0   0  0   1  0  0  0  0  0/0    14:14   1:09   0:00 
Cody Eakin               0  0  0   0  0   5  0  0  0  0  13/20  16:29   1:09   0:00 
David Desharnais         0  0  0   0  0   0  0  0  0  0  3/7     4:16   0:00   0:00 
Derek Dorsett            0  0  0   0  2   3  1  0  0  0  0/0    15:22   0:00   0:00 
Dmitri Orlov             0  0  0   0  7   1  2  2  0  0  0/0    18:32   1:22   3:52 
Evan Rodrigues           0  0  0  -1  0   3  0  0  0  0  0/0    19:29   1:04   3:39 
Lukas Sedlak             0  0  0   0  0   1  0  0  0  0  0/0     4:16   0:00   0:00 
Mark Borowiecki          0  0  0   0  6   0  3  0  0  0  0/0    14:24   0:00   0:00 
Mathieu Perreault        0  0  0   0  2   1  1  0  0  0  3/14   14:54   0:00   0:00 
Mike Green               0  1  1   0  0   1  1  1  0  0  0/0    22:44   1:22   6:01 
Morgan Rielly            0  0  0  -1  0   1  0  3  0  0  0/0    26:36   0:51   5:53 
Ryan Kesler              0  0  0  -1  0   6  1  0  0  0  13/29  20:32   1:04   3:39 
Ryan Murphy              0  0  0   0  0   0  0  0  0  0  0/0     4:35   0:00   0:11 
Taylor Hall              1  0  1   0  0   2  2  0  0  0  1/6    24:14   1:09   7:37 
Tyler Graovac            0  0  0   0  0   1  0  0  0  0  1/1    15:21   0:00   0:48 

Players Stats for Sabres

Player Name              G  A  P  +/- PIM S  H  SB GA TA FO     MP     PP MP  PK MP  
------------------------------------------------------------------------------------
Adam Pelech              0  0  0   1  0   0  2  1  0  0  0/0    12:32   0:00   0:57 
Anders Lee               0  0  0   0  0   4  0  0  0  0  2/5    20:52   5:23   0:22 
Brett Connolly           0  0  0   0  0   1  1  0  0  0  1/1     8:05   0:00   0:22 
Brock Nelson             0  0  0   0  0   2  2  0  0  0  6/10   11:35   0:39   0:00 
Dan Girardi              0  0  0   1  0   2  0  1  0  0  0/0    18:45   5:58   1:32 
Jason Zucker             1  0  1   1  0   6  2  0  0  0  0/0    24:39   5:52   0:57 
Josh Bailey              0  1  1   1  0   3  0  0  0  0  1/1    21:14   5:23   0:00 
Josh Ho-Sang             0  0  0   0  0   2  0  0  0  0  1/3     9:39   0:00   0:00 
Justin Bailey            0  0  0   0  0   1  3  0  0  0  0/3    15:42   6:31   0:00 
Kyle Criscuolo           0  0  0   0  5   0  1  0  0  0  5/9     7:11   0:00   0:00 
Kyle Turris              0  0  0   0  0   6  0  0  0  0  18/28  22:00   6:31   0:54 
Nathan Beaulieu          0  0  0   0  0   2  0  1  0  0  0/0    23:17   5:58   0:45 
Paul Stastny             0  1  1   1  0   3  0  0  0  0  19/34  24:46   5:23   0:57 
Remi Elie                0  0  0   0  0   0  1  0  0  0  0/0     7:43   0:00   0:00 
Ryan Murray              0  0  0   0  0   0  0  3  0  0  0/0    16:45   0:00   0:00 
Tyler Myers              0  0  0   0  2   1  1  1  0  0  0/0    27:13   5:56   0:14 
Victor Hedman            0  0  0   0  2   3  3  0  0  0  0/0    26:26   5:56   0:58 
Zach Hyman               0  0  0   0  0   2  1  0  0  0  1/2    14:20   0:00   0:54 

3 Stars

1 - Martin Jones (WSH)
2 - Matt Murray (BUF)
3 - Jason Zucker (BUF)

Power Play

Capitals - 1 on 0 Attempt(s) - 0.00%
Sabres - 0 on 3 Attempt(s) - 0.00%

Penalty Kill

Capitals - 3 on 3 Attempt(s) - 100.00% - Score 0 goal in Penalty Kill
Sabres - -1 on 0 Attempt(s) - 0.00% - Score 0 goal in Penalty Kill

Team Stat

Capitals - Hits : 17 - Faceoff Wins : 42 - Blocked Shots : 8 - Penalty Minutes : 17
Sabres - Hits : 17 - Faceoff Wins : 54 - Blocked Shots : 7 - Penalty Minutes : 9

Official

Referees : Chris Rooney and Dan O'Halloran
Linesman : Scott Cherrey and Brian Mach

Game Notes

Dmitri Orlov beats up Kyle Criscuolo at 7:45 of 1st period

Finance

Level 1 -- Attendance: 6500 (100.00%) -- Ticket Income 650 000 $
Level 2 -- Attendance: 5000 (100.00%) -- Ticket Income 375 000 $
Level 3 -- Attendance: 3225 (92.14%) -- Ticket Income 161 250 $
Level 4 -- Attendance: 3028 (98.63%) -- Ticket Income 75 700 $
Luxury Box -- Attendance: 668 (66.80%) -- Ticket Income 167 000 $
Game was played at the First Niagara Center.
Total Attendance: 18421 (96.60%)
Total Ticket Income: 1 428 950 $
Other Income: 700 186 $
Total Income: 2 129 136 $

% Time on Ice - Capitals

Lines # - Real PCT - Wanted PCT - Time Play
Normal Forward
1 - 30% - 40% - 13:59
2 - 29% - 30% - 13:05
3 - 32% - 20% - 14:33
4 - 9% - 10% - 4:16
Normal Defense
1 - 27% - 40% - 12:28
2 - 32% - 30% - 14:34
3 - 31% - 20% - 14:27
4 - 10% - 10% - 4:24
PP Forward
1 - 48% - 60% - 1:04
2 - 52% - 40% - 1:09
PP Defense
1 - 38% - 60% - 0:51
2 - 62% - 40% - 1:22
PK Forward
1 - 69% - 60% - 8:15
2 - 31% - 40% - 3:39
PK Defense
1 - 49% - 60% - 5:53
2 - 51% - 40% - 6:01
PK3 Forward
1 - 0% - 60%
2 - 0% - 40%
PK3 Defense
1 - 0% - 60%
2 - 0% - 40%
44 Forward
1 - 0% - 60%
2 - 0% - 40%
44 Defense
1 - 0% - 60%
2 - 0% - 40%
Last Minute Offensive  - 0:00
Last Minute Defensive  - 0:00
Total
Forward - 60:00
Defense - 60:00

% Time on Ice - Sabres

Lines # - Real PCT - Wanted PCT - Time Play
Normal Forward
1 - 35% - 40% - 15:51
2 - 28% - 30% - 12:40
3 - 21% - 25% - 9:39
4 - 17% - 5% - 7:43
Normal Defense
1 - 38% - 40% - 17:36
2 - 34% - 30% - 15:32
3 - 25% - 20% - 11:35
4 - 3% - 10% - 1:10
PP Forward
1 - 45% - 60% - 5:23
2 - 55% - 40% - 6:31
PP Defense
1 - 50% - 60% - 5:56
2 - 50% - 40% - 5:58
PK Forward
1 - 57% - 60% - 1:16
2 - 43% - 40% - 0:57
PK Defense
1 - 66% - 60% - 1:28
2 - 34% - 40% - 0:45
PK3 Forward
1 - 0% - 60%
2 - 0% - 40%
PK3 Defense
1 - 0% - 60%
2 - 0% - 40%
44 Forward
1 - 0% - 60%
2 - 0% - 40%
44 Defense
1 - 0% - 60%
2 - 0% - 40%
Last Minute Offensive  - 0:00
Last Minute Defensive  - 0:00
Total
Forward - 60:00
Defense - 60:00

Play-by-Play

1st period


0:01 of 1st period - Ryan Kesler wins face-off versus Paul Stastny in neutral zone.
1:05 of 1st period - Shot by Anders Lee.
1:05 of 1st period - Shot Misses the Net.
1:17 of 1st period - Shot by Taylor Hall.
1:17 of 1st period - Deflect By Mathieu Perreault.
1:17 of 1st period - Shot Misses the Net.
1:19 of 1st period - Shot by Chandler Stephenson.
1:19 of 1st period - Shot Blocked by Ryan Murray.
1:41 of 1st period - Shot by Brock Nelson.
1:41 of 1st period - Shot Misses the Net.
1:43 of 1st period - Shot by Brock Nelson.
1:43 of 1st period - Shot Misses the Net.
1:45 of 1st period - Shot by Justin Bailey.
1:45 of 1st period - Stopped by Martin Jones without a rebound.
1:46 of 1st period - David Desharnais wins face-off versus Kyle Criscuolo in Capitals zone.
2:01 of 1st period - Shot by Alexander Ovechkin.
2:01 of 1st period - Stopped by Matt Murray without a rebound.
2:02 of 1st period - Cody Eakin wins face-off versus Josh Ho-Sang in Sabres zone.
2:22 of 1st period - Brock Nelson is hit by Derek Dorsett and loses puck.
2:39 of 1st period - Josh Ho-Sang is hit by Mark Borowiecki and loses puck.
2:59 of 1st period - Icing by Brandon Davidson.
3:00 of 1st period - Ryan Kesler wins face-off versus Kyle Turris in Capitals zone.
4:21 of 1st period - Shot by Taylor Hall.
4:21 of 1st period - Shot Misses the Net.
4:23 of 1st period - Shot by Chandler Stephenson.
4:23 of 1st period - Stopped by Matt Murray with a rebound.
4:32 of 1st period - Kyle Turris is hit by Calvin de Haan and loses puck.
4:44 of 1st period - Icing by Ryan Murray.
4:45 of 1st period - David Desharnais wins face-off versus Kyle Turris in Sabres zone.
5:05 of 1st period - Shot by Lukas Sedlak.
5:05 of 1st period - Stopped by Matt Murray without a rebound.
5:06 of 1st period - Cody Eakin wins face-off versus Paul Stastny in Sabres zone.
5:23 of 1st period - Shot by Derek Dorsett.
5:23 of 1st period - Stopped by Matt Murray without a rebound.
5:24 of 1st period - Brock Nelson wins face-off versus Ryan Kesler in Sabres zone.
5:43 of 1st period - Brock Nelson is hit by Brandon Davidson and loses puck.
5:57 of 1st period - Justin Bailey is hit by Brandon Davidson.
6:04 of 1st period - Icing by Morgan Rielly.
6:05 of 1st period - Paul Stastny wins face-off versus Ryan Kesler in Capitals zone.
6:47 of 1st period - Shot by Josh Bailey.
6:47 of 1st period - Shot Misses the Net.
7:10 of 1st period - Icing by Dmitri Orlov.
7:11 of 1st period - Mathieu Perreault wins face-off versus Kyle Criscuolo in Capitals zone.
7:11 of 1st period - Mathieu Perreault is hit by Remi Elie.
7:14 of 1st period - Taylor Hall is hit by Kyle Criscuolo.
7:45 of 1st period - Dmitri Orlov beats up Kyle Criscuolo.
7:45 of 1st period - Penalty to Kyle Criscuolo for Fighting.
7:45 of 1st period - Penalty to Dmitri Orlov for Fighting.
7:46 of 1st period - Brock Nelson wins face-off versus Cody Eakin in neutral zone.
8:15 of 1st period - Shot by Cody Eakin.
8:15 of 1st period - Stopped by Matt Murray without a rebound.
8:16 of 1st period - Kyle Turris wins face-off versus Ryan Kesler in Sabres zone.
8:37 of 1st period - Shot by Evan Rodrigues.
8:37 of 1st period - Stopped by Matt Murray without a rebound.
8:38 of 1st period - Paul Stastny wins face-off versus David Desharnais in Sabres zone.
8:51 of 1st period - Shot by Jason Zucker.
8:51 of 1st period - Shot Blocked by Morgan Rielly.
8:53 of 1st period - Shot by Dan Girardi.
8:53 of 1st period - Stopped by Martin Jones without a rebound.
8:54 of 1st period - Cody Eakin wins face-off versus Brock Nelson in Capitals zone.
8:54 of 1st period - Cody Eakin is hit by Brock Nelson.
9:16 of 1st period - Shot by Josh Ho-Sang.
9:16 of 1st period - Deflect By Brock Nelson.
9:16 of 1st period - Stopped by Martin Jones without a rebound.
9:17 of 1st period - Paul Stastny wins face-off versus Ryan Kesler in Capitals zone.
9:23 of 1st period - Paul Stastny is hit by Mark Borowiecki and loses puck.
9:24 of 1st period - Minor Penalty to Mark Borowiecki for Slashing.
9:25 of 1st period - Alexander Ovechkin wins face-off versus Paul Stastny in Capitals zone.
9:36 of 1st period - Shot by Victor Hedman.
9:36 of 1st period - Shot Misses the Net.
9:38 of 1st period - Shot by Victor Hedman.
9:38 of 1st period - Stopped by Martin Jones without a rebound.
9:39 of 1st period - Alexander Ovechkin wins face-off versus Kyle Turris in Capitals zone.
9:45 of 1st period - Icing by Dan Girardi.
9:46 of 1st period - Alexander Ovechkin wins face-off versus Justin Bailey in Sabres zone.
9:52 of 1st period - Icing by Dan Girardi.
9:53 of 1st period - Kyle Turris wins face-off versus Alexander Ovechkin in Sabres zone.
10:00 of 1st period - Shot by Justin Bailey.
10:00 of 1st period - Shot Misses the Net.
11:33 of 1st period - Icing by Mark Borowiecki.
11:34 of 1st period - Cody Eakin wins face-off versus Brock Nelson in Capitals zone.
11:51 of 1st period - Shot by Calvin de Haan.
11:51 of 1st period - Stopped by Matt Murray without a rebound.
11:52 of 1st period - Paul Stastny wins face-off versus Ryan Kesler in Sabres zone.
12:13 of 1st period - Shot by Jason Zucker.
12:13 of 1st period - Goal by Jason Zucker - Capitals : 0 - Sabres : 1.
12:14 of 1st period - Mathieu Perreault wins face-off versus Brock Nelson in neutral zone.
12:16 of 1st period - Off-side.
12:17 of 1st period - Zach Hyman wins face-off versus Mathieu Perreault in neutral zone.
13:19 of 1st period - Minor Penalty to Tyler Myers for Interference.
13:20 of 1st period - Paul Stastny wins face-off versus Ryan Kesler in Sabres zone.
13:35 of 1st period - Nathan Beaulieu is hit by Alexander Ovechkin and loses puck.
13:42 of 1st period - Shot by Alexander Ovechkin.
13:42 of 1st period - Shot Blocked by Nathan Beaulieu.
13:44 of 1st period - Shot by Ryan Kesler.
13:44 of 1st period - Shot Misses the Net.
14:16 of 1st period - Shot by Taylor Hall.
14:16 of 1st period - Deflect By Cody Eakin.
14:16 of 1st period - Stopped by Matt Murray without a rebound.
14:17 of 1st period - Brett Connolly wins face-off versus Ryan Kesler in Sabres zone.
14:32 of 1st period - Shot by Ryan Kesler.
14:32 of 1st period - Stopped by Matt Murray without a rebound.
14:33 of 1st period - Kyle Turris wins face-off versus Cody Eakin in Sabres zone.
14:46 of 1st period - Victor Hedman is hit by Taylor Hall and loses puck.
15:15 of 1st period - Shot by Ryan Kesler.
15:15 of 1st period - Stopped by Matt Murray without a rebound.
15:16 of 1st period - Kyle Turris wins face-off versus Ryan Kesler in Sabres zone.
15:28 of 1st period - Off-side.
15:29 of 1st period - Cody Eakin wins face-off versus Paul Stastny in neutral zone.
16:24 of 1st period - Shot by Evan Rodrigues.
16:24 of 1st period - Shot Blocked by Tyler Myers.
16:26 of 1st period - Shot by Ryan Kesler.
16:26 of 1st period - Shot Misses the Net.
16:28 of 1st period - Shot by Ryan Kesler.
16:28 of 1st period - Stopped by Matt Murray with a rebound.
16:30 of 1st period - Shot by Alexander Ovechkin.
16:30 of 1st period - Shot Misses the Net.
16:44 of 1st period - Shot by Ryan Kesler.
16:44 of 1st period - Shot Misses the Net.
17:11 of 1st period - Icing by Dan Girardi.
17:12 of 1st period - Cody Eakin wins face-off versus Zach Hyman in Sabres zone.
17:29 of 1st period - Shot by Kyle Turris.
17:29 of 1st period - Stopped by Martin Jones without a rebound.
17:30 of 1st period - Kyle Criscuolo wins face-off versus Mathieu Perreault in Capitals zone.
17:30 of 1st period - Minor Penalty to Dmitri Orlov for Close Hand On Puck.
17:31 of 1st period - Paul Stastny wins face-off versus Alexander Ovechkin in Capitals zone.
17:34 of 1st period - Shot by Anders Lee.
17:34 of 1st period - Stopped by Martin Jones without a rebound.
17:35 of 1st period - Paul Stastny wins face-off versus Alexander Ovechkin in Capitals zone.
18:12 of 1st period - Shot by Anders Lee.
18:12 of 1st period - Shot Misses the Net.
18:14 of 1st period - Shot by Tyler Myers.
18:14 of 1st period - Stopped by Martin Jones with a rebound.
18:28 of 1st period - Shot by Nathan Beaulieu.
18:28 of 1st period - Stopped by Martin Jones without a rebound.
18:29 of 1st period - Kyle Turris wins face-off versus Alexander Ovechkin in Capitals zone.
18:30 of 1st period - Shot by Jason Zucker.
18:30 of 1st period - Stopped by Martin Jones without a rebound.
18:31 of 1st period - Alexander Ovechkin wins face-off versus Kyle Turris in Capitals zone.
18:44 of 1st period - Shot by Justin Bailey.
18:44 of 1st period - Shot Blocked by Mike Green.
18:48 of 1st period - Shot by Jason Zucker.
18:48 of 1st period - Shot Misses the Net.
18:50 of 1st period - Shot by Jason Zucker.
18:50 of 1st period - Stopped by Martin Jones with a rebound.
18:56 of 1st period - Shot by Jason Zucker.
18:56 of 1st period - Stopped by Martin Jones with a rebound.
18:58 of 1st period - Shot by Jason Zucker.
18:58 of 1st period - Shot Blocked by Calvin de Haan.
19:00 of 1st period - Shot by Dan Girardi.
19:00 of 1st period - Stopped by Martin Jones without a rebound.
19:01 of 1st period - Ryan Kesler wins face-off versus Paul Stastny in Capitals zone.
19:10 of 1st period - Shot by Paul Stastny.
19:10 of 1st period - Shot Misses the Net.
19:41 of 1st period - Remi Elie is hit by Dmitri Orlov and loses puck.
19:46 of 1st period - Shot by Brett Connolly.
19:46 of 1st period - Stopped by Martin Jones without a rebound.
19:47 of 1st period - Josh Ho-Sang wins face-off versus Mathieu Perreault in Capitals zone.
19:52 of 1st period - Shot by Josh Ho-Sang.
19:52 of 1st period - Stopped by Martin Jones without a rebound.
19:53 of 1st period - Brock Nelson wins face-off versus Ryan Kesler in Capitals zone.
Goals for this period are 0 for Capitals vs 1 for Sabres.
Shots for this period are 11 for Capitals vs 15 for Sabres.

2nd period


0:01 of 2nd period - Ryan Kesler wins face-off versus Paul Stastny in neutral zone.
0:36 of 2nd period - Shot by Paul Stastny.
0:36 of 2nd period - Shot Misses the Net.
1:11 of 2nd period - Off-side.
1:12 of 2nd period - Kyle Turris wins face-off versus Mathieu Perreault in neutral zone.
1:21 of 2nd period - Shot by Zach Hyman.
1:21 of 2nd period - Stopped by Martin Jones without a rebound.
1:22 of 2nd period - Cody Eakin wins face-off versus Kyle Criscuolo in Capitals zone.
1:40 of 2nd period - Off-side.
1:41 of 2nd period - Mathieu Perreault wins face-off versus Paul Stastny in neutral zone.
2:08 of 2nd period - Shot by Taylor Hall.
2:08 of 2nd period - Deflect By Mathieu Perreault.
2:08 of 2nd period - Shot Misses the Net.
2:22 of 2nd period - Taylor Hall is hit by Jason Zucker.
2:27 of 2nd period - Minor Penalty to Mathieu Perreault for Roughing.
2:28 of 2nd period - Kyle Turris wins face-off versus Alexander Ovechkin in Capitals zone.
3:27 of 2nd period - Shot by Anders Lee.
3:27 of 2nd period - Shot Misses the Net.
4:07 of 2nd period - Shot by Kyle Turris.
4:07 of 2nd period - Shot Misses the Net.
4:35 of 2nd period - Brett Connolly is hit by Mark Borowiecki and loses puck.
5:20 of 2nd period - Icing by Morgan Rielly.
5:21 of 2nd period - Ryan Kesler wins face-off versus Anders Lee in Capitals zone.
5:48 of 2nd period - Shot by Brock Nelson.
5:48 of 2nd period - Stopped by Martin Jones without a rebound.
5:49 of 2nd period - Kyle Criscuolo wins face-off versus Mathieu Perreault in Capitals zone.
5:49 of 2nd period - Brett Connolly is hit by Dmitri Orlov and loses puck.
6:35 of 2nd period - Icing by Nathan Beaulieu.
6:36 of 2nd period - Tyler Graovac wins face-off versus Kyle Criscuolo in Sabres zone.
6:47 of 2nd period - Shot by Cody Eakin.
6:47 of 2nd period - Shot Misses the Net.
6:56 of 2nd period - Icing by Nathan Beaulieu.
6:57 of 2nd period - Kyle Criscuolo wins face-off versus Ryan Kesler in Sabres zone.
6:57 of 2nd period - Kyle Criscuolo is hit by Ryan Kesler.
8:15 of 2nd period - Minor Penalty to Victor Hedman for Hooking.
8:16 of 2nd period - Kyle Turris wins face-off versus Cody Eakin in Sabres zone.
8:29 of 2nd period - Shot by Taylor Hall.
8:29 of 2nd period - Goal by Taylor Hall - Capitals : 1 - Sabres : 1.
8:30 of 2nd period - Paul Stastny wins face-off versus David Desharnais in neutral zone.
9:37 of 2nd period - Shot by Kyle Turris.
9:37 of 2nd period - Shot Misses the Net.
9:52 of 2nd period - Shot by Kyle Turris.
9:52 of 2nd period - Shot Misses the Net.
11:11 of 2nd period - Shot by Jason Zucker.
11:11 of 2nd period - Shot Misses the Net.
11:41 of 2nd period - Shot by Anders Lee.
11:41 of 2nd period - Stopped by Martin Jones without a rebound.
11:42 of 2nd period - Ryan Kesler wins face-off versus Justin Bailey in Capitals zone.
12:07 of 2nd period - Ryan Kesler is hit by Tyler Myers and loses puck.
12:18 of 2nd period - Derek Dorsett is hit by Brock Nelson and loses puck.
12:48 of 2nd period - Icing by Mark Borowiecki.
12:49 of 2nd period - Kyle Turris wins face-off versus Mathieu Perreault in Capitals zone.
13:14 of 2nd period - Shot by Anders Lee.
13:14 of 2nd period - Shot Misses the Net.
13:41 of 2nd period - Off-side.
13:42 of 2nd period - Paul Stastny wins face-off versus David Desharnais in neutral zone.
14:05 of 2nd period - Shot by Josh Bailey.
14:05 of 2nd period - Stopped by Martin Jones without a rebound.
14:06 of 2nd period - Ryan Kesler wins face-off versus Josh Ho-Sang in Capitals zone.
14:06 of 2nd period - Ryan Kesler is hit by Justin Bailey.
15:01 of 2nd period - Shot by Nathan Beaulieu.
15:01 of 2nd period - Shot Misses the Net.
16:05 of 2nd period - Shot by Mathieu Perreault.
16:05 of 2nd period - Stopped by Matt Murray with a rebound.
16:17 of 2nd period - Shot by Kyle Turris.
16:17 of 2nd period - Stopped by Martin Jones without a rebound.
16:18 of 2nd period - Brock Nelson wins face-off versus David Desharnais in Capitals zone.
16:58 of 2nd period - Icing by Tyler Myers.
16:59 of 2nd period - Cody Eakin wins face-off versus Brock Nelson in Sabres zone.
17:02 of 2nd period - Shot by Cody Eakin.
17:02 of 2nd period - Shot Misses the Net.
17:04 of 2nd period - Shot by Mike Green.
17:04 of 2nd period - Stopped by Matt Murray with a rebound.
17:17 of 2nd period - Cody Eakin is hit by Victor Hedman.
17:26 of 2nd period - Off-side.
17:27 of 2nd period - Paul Stastny wins face-off versus Mathieu Perreault in neutral zone.
17:36 of 2nd period - Shot by Josh Bailey.
17:36 of 2nd period - Shot Misses the Net.
17:44 of 2nd period - Shot by Josh Bailey.
17:44 of 2nd period - Stopped by Martin Jones without a rebound.
17:45 of 2nd period - Ryan Kesler wins face-off versus Kyle Turris in Capitals zone.
17:56 of 2nd period - Shot by Anders Lee.
17:56 of 2nd period - Shot Misses the Net.
18:14 of 2nd period - Shot by Evan Rodrigues.
18:14 of 2nd period - Stopped by Matt Murray without a rebound.
18:15 of 2nd period - Taylor Hall wins face-off versus Paul Stastny in Sabres zone.
18:26 of 2nd period - Shot by Taylor Hall.
18:26 of 2nd period - Shot Blocked by Adam Pelech.
18:28 of 2nd period - Shot by Morgan Rielly.
18:28 of 2nd period - Stopped by Matt Murray without a rebound.
18:29 of 2nd period - Kyle Criscuolo wins face-off versus Cody Eakin in Sabres zone.
18:35 of 2nd period - Off-side.
18:36 of 2nd period - Ryan Kesler wins face-off versus Paul Stastny in neutral zone.
18:38 of 2nd period - Morgan Rielly is hit by Victor Hedman and loses puck.
19:34 of 2nd period - Off-side.
19:35 of 2nd period - Cody Eakin wins face-off versus Kyle Turris in neutral zone.
Goals for this period are 1 for Capitals vs 0 for Sabres.
Shots for this period are 5 for Capitals vs 6 for Sabres.

3rd period


0:01 of 3rd period - Alexander Ovechkin wins face-off versus Paul Stastny in neutral zone.
0:03 of 3rd period - Off-side.
0:04 of 3rd period - Josh Bailey wins face-off versus Ryan Kesler in neutral zone.
0:19 of 3rd period - Shot by Ryan Kesler.
0:19 of 3rd period - Stopped by Matt Murray without a rebound.
0:20 of 3rd period - Kyle Turris wins face-off versus Mathieu Perreault in Sabres zone.
1:14 of 3rd period - Shot by Morgan Rielly.
1:14 of 3rd period - Shot Misses the Net.
1:16 of 3rd period - Shot by Ryan Kesler.
1:16 of 3rd period - Stopped by Matt Murray with a rebound.
1:18 of 3rd period - Shot by Morgan Rielly.
1:18 of 3rd period - Deflect By Alexander Ovechkin.
1:18 of 3rd period - Stopped by Matt Murray without a rebound.
1:19 of 3rd period - Cody Eakin wins face-off versus Paul Stastny in Sabres zone.
1:19 of 3rd period - Cody Eakin is hit by Victor Hedman.
1:56 of 3rd period - Minor Penalty to Derek Dorsett for Interference.
1:57 of 3rd period - Alexander Ovechkin wins face-off versus Kyle Turris in Capitals zone.
2:05 of 3rd period - Icing by Kyle Turris.
2:06 of 3rd period - Kyle Turris wins face-off versus Alexander Ovechkin in Sabres zone.
2:26 of 3rd period - Shot by Jason Zucker.
2:26 of 3rd period - Stopped by Martin Jones without a rebound.
2:27 of 3rd period - Alexander Ovechkin wins face-off versus Paul Stastny in Capitals zone.
2:52 of 3rd period - Shot by Victor Hedman.
2:52 of 3rd period - Stopped by Martin Jones with a rebound.
2:54 of 3rd period - Shot by Tyler Myers.
2:54 of 3rd period - Shot Misses the Net.
2:56 of 3rd period - Shot by Paul Stastny.
2:56 of 3rd period - Stopped by Martin Jones without a rebound.
2:57 of 3rd period - Ryan Kesler wins face-off versus Justin Bailey in Capitals zone.
2:57 of 3rd period - Ryan Kesler is hit by Justin Bailey.
3:04 of 3rd period - Icing by Justin Bailey.
3:05 of 3rd period - Kyle Turris wins face-off versus Alexander Ovechkin in Sabres zone.
3:05 of 3rd period - Kyle Turris is hit by Taylor Hall.
3:21 of 3rd period - Shot by Nathan Beaulieu.
3:21 of 3rd period - Stopped by Martin Jones without a rebound.
3:22 of 3rd period - Paul Stastny wins face-off versus Ryan Kesler in Capitals zone.
4:01 of 3rd period - Shot by Josh Ho-Sang.
4:01 of 3rd period - Stopped by Martin Jones without a rebound.
4:02 of 3rd period - Brock Nelson wins face-off versus Cody Eakin in Capitals zone.
4:11 of 3rd period - Shot by Derek Dorsett.
4:11 of 3rd period - Stopped by Matt Murray with a rebound.
4:13 of 3rd period - Shot by Cody Eakin.
4:13 of 3rd period - Stopped by Matt Murray without a rebound.
4:14 of 3rd period - Kyle Criscuolo wins face-off versus Ryan Kesler in Sabres zone.
5:24 of 3rd period - Shot by Josh Bailey.
5:24 of 3rd period - Shot Misses the Net.
5:57 of 3rd period - Icing by Mike Green.
5:58 of 3rd period - Kyle Turris wins face-off versus Mathieu Perreault in Capitals zone.
6:05 of 3rd period - Shot by Anders Lee.
6:05 of 3rd period - Stopped by Martin Jones without a rebound.
6:06 of 3rd period - Cody Eakin wins face-off versus Kyle Turris in Capitals zone.
6:26 of 3rd period - Shot by Cody Eakin.
6:26 of 3rd period - Shot Blocked by Dan Girardi.
7:00 of 3rd period - Icing by Calvin de Haan.
7:01 of 3rd period - Cody Eakin wins face-off versus Paul Stastny in Capitals zone.
7:23 of 3rd period - Shot by Josh Bailey.
7:23 of 3rd period - Stopped by Martin Jones with a rebound.
7:25 of 3rd period - Shot by Jason Zucker.
7:25 of 3rd period - Stopped by Martin Jones with a rebound.
7:28 of 3rd period - Minor Penalty to Mark Borowiecki for High sticking.
7:29 of 3rd period - Kyle Turris wins face-off versus Alexander Ovechkin in Capitals zone.
7:55 of 3rd period - Icing by Nathan Beaulieu.
7:56 of 3rd period - Kyle Turris wins face-off versus Alexander Ovechkin in Sabres zone.
7:56 of 3rd period - Kyle Turris is hit by Alexander Ovechkin.
9:30 of 3rd period - Morgan Rielly is hit by Brett Connolly and loses puck.
10:13 of 3rd period - Derek Dorsett is hit by Adam Pelech and loses puck.
10:59 of 3rd period - Icing by Calvin de Haan.
11:00 of 3rd period - Paul Stastny wins face-off versus Mathieu Perreault in Capitals zone.
11:29 of 3rd period - Shot by Josh Bailey.
11:29 of 3rd period - Shot Misses the Net.
11:31 of 3rd period - Shot by Tyler Myers.
11:31 of 3rd period - Deflect By Josh Bailey.
11:31 of 3rd period - Shot Misses the Net.
11:33 of 3rd period - Shot by Victor Hedman.
11:33 of 3rd period - Shot Blocked by Calvin de Haan.
12:22 of 3rd period - Icing by Evan Rodrigues.
12:23 of 3rd period - Ryan Kesler wins face-off versus Kyle Turris in Capitals zone.
12:47 of 3rd period - Zach Hyman is hit by Mike Green and loses puck.
12:53 of 3rd period - Icing by Dmitri Orlov.
12:54 of 3rd period - Ryan Kesler wins face-off versus Paul Stastny in Capitals zone.
14:07 of 3rd period - David Desharnais is hit by Justin Bailey and loses puck.
14:13 of 3rd period - Icing by Alexander Ovechkin.
14:14 of 3rd period - David Desharnais wins face-off versus Kyle Turris in Capitals zone.
14:14 of 3rd period - David Desharnais is hit by Zach Hyman.
14:26 of 3rd period - Icing by Kyle Turris.
14:27 of 3rd period - Kyle Turris wins face-off versus Ryan Kesler in Sabres zone.
14:41 of 3rd period - Ryan Kesler is hit by Adam Pelech.
15:03 of 3rd period - Shot by Zach Hyman.
15:03 of 3rd period - Stopped by Martin Jones without a rebound.
15:04 of 3rd period - Brock Nelson wins face-off versus Cody Eakin in Capitals zone.
15:15 of 3rd period - Shot by Cody Eakin.
15:15 of 3rd period - Stopped by Matt Murray with a rebound.
16:03 of 3rd period - Shot by Taylor Hall.
16:03 of 3rd period - Deflect By Mathieu Perreault.
16:03 of 3rd period - Shot Misses the Net.
16:18 of 3rd period - Minor Penalty to Mark Borowiecki for Hooking.
16:19 of 3rd period - Paul Stastny wins face-off versus Alexander Ovechkin in Capitals zone.
16:28 of 3rd period - Shot by Taylor Hall.
16:28 of 3rd period - Stopped by Matt Murray without a rebound.
16:29 of 3rd period - Alexander Ovechkin wins face-off versus Paul Stastny in Sabres zone.
17:32 of 3rd period - Shot by Kyle Turris.
17:32 of 3rd period - Stopped by Martin Jones without a rebound.
17:33 of 3rd period - Kyle Turris wins face-off versus Alexander Ovechkin in Capitals zone.
17:38 of 3rd period - Shot by Kyle Turris.
17:38 of 3rd period - Stopped by Martin Jones with a rebound.
17:42 of 3rd period - Shot by Jason Zucker.
17:42 of 3rd period - Shot Blocked by Dmitri Orlov.
17:44 of 3rd period - Shot by Victor Hedman.
17:44 of 3rd period - Shot Misses the Net.
17:46 of 3rd period - Shot by Victor Hedman.
17:46 of 3rd period - Stopped by Martin Jones with a rebound.
17:56 of 3rd period - Shot by Jason Zucker.
17:56 of 3rd period - Shot Blocked by Dmitri Orlov.
18:21 of 3rd period - Shot by Tyler Graovac.
18:21 of 3rd period - Shot Misses the Net.
18:23 of 3rd period - Shot by Mark Borowiecki.
18:23 of 3rd period - Shot Misses the Net.
18:30 of 3rd period - Shot by Derek Dorsett.
18:30 of 3rd period - Shot Misses the Net.
18:36 of 3rd period - Shot by Cody Eakin.
18:36 of 3rd period - Shot Misses the Net.
18:38 of 3rd period - Shot by Tyler Graovac.
18:38 of 3rd period - Stopped by Matt Murray with a rebound.
18:40 of 3rd period - Shot by Cody Eakin.
18:40 of 3rd period - Stopped by Matt Murray with a rebound.
18:42 of 3rd period - Shot by Cody Eakin.
18:42 of 3rd period - Shot Misses the Net.
18:44 of 3rd period - Shot by Derek Dorsett.
18:44 of 3rd period - Stopped by Matt Murray without a rebound.
18:45 of 3rd period - Paul Stastny wins face-off versus Ryan Kesler in Sabres zone.
18:45 of 3rd period - Paul Stastny is hit by Alexander Ovechkin.
18:51 of 3rd period - Shot by Jason Zucker.
18:51 of 3rd period - Deflect By Paul Stastny.
18:51 of 3rd period - Shot Blocked by Morgan Rielly.
19:05 of 3rd period - Shot by Ryan Kesler.
19:05 of 3rd period - Stopped by Matt Murray with a rebound.
19:09 of 3rd period - Shot by Alexander Ovechkin.
19:09 of 3rd period - Shot Misses the Net.
19:17 of 3rd period - Shot by Ryan Kesler.
19:17 of 3rd period - Shot Blocked by Ryan Murray.
19:39 of 3rd period - Shot by Cody Eakin.
19:39 of 3rd period - Shot Blocked by Ryan Murray.
19:49 of 3rd period - Shot by Dmitri Orlov.
19:49 of 3rd period - Stopped by Matt Murray without a rebound.
19:50 of 3rd period - Kyle Turris wins face-off versus Mathieu Perreault in Sabres zone.
19:50 of 3rd period - Kyle Turris is hit by Mathieu Perreault.
19:56 of 3rd period - Shot by Anders Lee.
19:56 of 3rd period - Shot Misses the Net.
Goals for this period are 0 for Capitals vs 0 for Sabres.
Shots for this period are 12 for Capitals vs 12 for Sabres.

Overtime #1


0:01 of 1st overtime period - Paul Stastny wins face-off versus Taylor Hall in neutral zone.
0:28 of 1st overtime period - Shot by Taylor Hall.
0:28 of 1st overtime period - Shot Misses the Net.
0:40 of 1st overtime period - Shot by Kyle Turris.
0:40 of 1st overtime period - Stopped by Martin Jones without a rebound.
0:41 of 1st overtime period - Anders Lee wins face-off versus Ryan Kesler in Capitals zone.
0:54 of 1st overtime period - Shot by Anders Lee.
0:54 of 1st overtime period - Stopped by Martin Jones without a rebound.
0:55 of 1st overtime period - Paul Stastny wins face-off versus Taylor Hall in Capitals zone.
1:04 of 1st overtime period - Shot by Paul Stastny.
1:04 of 1st overtime period - Stopped by Martin Jones without a rebound.
1:05 of 1st overtime period - Paul Stastny wins face-off versus Taylor Hall in Capitals zone.
1:16 of 1st overtime period - Shot by Kyle Turris.
1:16 of 1st overtime period - Shot Misses the Net.
1:18 of 1st overtime period - Shot by Paul Stastny.
1:18 of 1st overtime period - Shot Blocked by Morgan Rielly.
1:22 of 1st overtime period - Shot by Paul Stastny.
1:22 of 1st overtime period - Stopped by Martin Jones without a rebound.
1:23 of 1st overtime period - Ryan Kesler wins face-off versus Anders Lee in Capitals zone.
1:23 of 1st overtime period - Ryan Kesler is hit by Jason Zucker.
1:57 of 1st overtime period - Shot by Jason Zucker.
1:57 of 1st overtime period - Shot Hit the Post.
3:36 of 1st overtime period - Shot by Alexander Ovechkin.
3:36 of 1st overtime period - Stopped by Matt Murray without a rebound.
3:37 of 1st overtime period - Paul Stastny wins face-off versus Cody Eakin in Sabres zone.
3:39 of 1st overtime period - Icing by Kyle Turris.
3:40 of 1st overtime period - Paul Stastny wins face-off versus Taylor Hall in Sabres zone.
4:03 of 1st overtime period - Shot by Kyle Turris.
4:03 of 1st overtime period - Stopped by Martin Jones without a rebound.
4:04 of 1st overtime period - Cody Eakin wins face-off versus Anders Lee in Capitals zone.
4:37 of 1st overtime period - Shot by Evan Rodrigues.
4:37 of 1st overtime period - Stopped by Matt Murray with a rebound.
4:58 of 1st overtime period - Icing by Jason Zucker.
4:59 of 1st overtime period - Anders Lee wins face-off versus Taylor Hall in Sabres zone.
Goals for this period are 0 for Capitals vs 0 for Sabres.
Shots for this period are 2 for Capitals vs 5 for Sabres.

ShootOut


5:00 of 1st overtime period - Penalty Shot by Alexander Ovechkin for Capitals.
5:00 of 1st overtime period - Stopped by Matt Murray.
5:00 of 1st overtime period - Penalty Shot by Paul Stastny for Sabres.
5:00 of 1st overtime period - Stopped by Martin Jones.
5:00 of 1st overtime period - Penalty Shot by Taylor Hall for Capitals.
5:00 of 1st overtime period - Stopped by Matt Murray.
5:00 of 1st overtime period - Penalty Shot by Kyle Turris for Sabres.
5:00 of 1st overtime period - Stopped by Martin Jones.
5:00 of 1st overtime period - Penalty Shot by Ryan Kesler for Capitals.
5:00 of 1st overtime period - Goal by Ryan Kesler.
5:00 of 1st overtime period - Penalty Shot by Anders Lee for Sabres.
5:00 of 1st overtime period - Stopped by Martin Jones.